 Dungeon Sprint DCSS version 0.31-a0-18-gea43df2a32 (webtiles) character file.

Game seed: 9253205780648927973

9333 sircluck the Brawler (level 11, 0/184 HPs)
             Began as a Troll Berserker on May 11, 2023.
             Was the Champion of Trog.
             Slain by a demonic crawler (5 damage)
             ... in the Dungeon (Sprint I: "Red Sonja").
             The game lasted 00:07:38 (1217 turns).

sircluck the Brawler (Troll Berserker)              Turns: 1217, Time: 00:07:39

Health: 0/184      AC:  7    Str: 31    XL:     11   Next: 21%
Magic:  10/10      EV: 11    Int:  1    God:    Trog [******]
Gold:   752        SH:  7    Dex:  7    Spells: 10/10 levels left

rFire   . .          .
                       - Unarmed
rCold   . . .        q - +2 kite shield {AC+3}
rNeg    . . .        a - +0 animal skin
rPois   .            (helmet restricted)
rElec   .            m - +0 cloak
rCorr   .            (gloves unavailable)
SInv    .            (boots unavailable)
Will    .....        (no amulet) Stlth
                     (no ring)
HPRegen 1.30/turn    (no ring)
MPRegen 0.12/turn

%: no teleportation
@: berserking, very quick
A: large, unfitting armour, claws 3, regeneration 1, shaggy fur 1, tough skin 1,
clumsy 1, deformed body, deterioration 1, dopey 1
a: Renounce Religion, Berserk, Trog's Hand, Brothers in Arms


You were in the Dungeon.
You worshipped Trog.
Trog was exalted by your worship.
You visited 1 branch You collected 1067 gold pieces.
You spent 315 gold pieces at shops.

Inventory:

Hand Weapons
 n - the +2 quarterstaff of Tortfeasance {flame, rElec rPois Will- Str+8}
   (Trog gifted it to you in the Dungeon)

   Str:       It affects your strength (+8).
   rElec:     It insulates you from electricity.
   rPois:     It protects you from poison.
   Will:      It decreases your willpower.
Missiles
 i - 20 stones (quivered)
 j - 5 curare-tipped darts
 s - 4 boomerangs of dispersal
Armour
 a - a +0 animal skin (worn)
 m - a +0 cloak (worn)
 q - a +2 kite shield of protection (worn)
Jewellery
 r - a ring of protection from fire
Scrolls
 g - 2 scrolls of blinking
 h - a scroll of silence {unknown}
 k - a scroll of magic mapping
 l - a scroll of amnesia {unknown}
 o - a scroll of identify {unknown}
Potions
 b - 2 potions of curing
 c - a potion of heal wounds
 d - a potion of haste
 e - 2 potions of magic
 f - a potion of berserk rage
Miscellaneous
 p - a phial of floods


   Skills:
 + Level 11.9 Fighting
 + Level 12.9 Dodging
 + Level 3.2 Stealth
 + Level 0.1 Shields
 + Level 18.5 Unarmed Combat


You had 10 spell levels left.
You didn't know any spells.
Your spell library was empty.

Dungeon Overview and Level Annotations

Branches:
Dungeon (1/1)

Altars:
Cheibriados
Dithmenos
Elyvilon
Fedhas
Gozag
Hepliaklqana
Kikubaaqudgha
Makhleb
Nemelex Xobeh
Okawaru
Qazlal
Ru
Sif Muna
Trog
Uskayaw
Vehumet
Wu Jian
Xom
Yredelemnul
Zin
The Shining One
Jiyva
Lugonu

Shops:
D ?!=([[[=[?:?([[*[([[[


Innate Abilities, Weirdness & Mutations

You are too large for most types of armour.
You have claws for hands.
Your natural rate of healing is unusually fast.
You are covered in fur. (AC +1)
You have tough skin. (AC +1)
You are clumsy. (Dex -2)
Armour fits poorly on your strangely shaped body.
Your body sometimes deteriorates upon taking damage.
You are dopey. (Int -2)


Message History

You mangle the demonic crawler!!
The demonic crawler is severely wounded.
You block the demonic crawler's attack. The demonic crawler hits you.
The demonic crawler barely misses you. The demonic crawler hits you.
The demonic crawler barely misses you. The demonic crawler misses you.
You eviscerate the demonic crawler!!!
You kill the demonic crawler!
Trog accepts your kill.
You barely miss the demonic crawler. You barely miss the demonic crawler.
The demonic crawler hits you! The demonic crawler barely misses you.
The demonic crawler closely misses you.
You eviscerate the demonic crawler!!!
The demonic crawler is severely wounded.
You block the demonic crawler's attack. The demonic crawler hits you!
The demonic crawler hits you but does no damage.
You barely miss the demonic crawler.
The demonic crawler is severely wounded.
The demonic crawler hits you but does no damage.
The demonic crawler hits you!
* * * LOW HITPOINT WARNING * * *
The demonic crawler hits you but does no damage.
You closely miss the demonic crawler.
The demonic crawler is severely wounded.
The demonic crawler hits you!
* * * LOW HITPOINT WARNING * * *
The demonic crawler barely misses you. You block the demonic crawler's attack.
The demonic crawler hits you!
* * * LOW HITPOINT WARNING * * *
You block the demonic crawler's attack. The demonic crawler hits you.
* * * LOW HITPOINT WARNING * * *
You scratch the demonic crawler but do no damage.
The demonic crawler is heavily wounded.
The demonic crawler hits you.
* * * LOW HITPOINT WARNING * * *
The demonic crawler closely misses you. You block the demonic crawler's attack.
Unknown command.
You block the demonic crawler's attack. The demonic crawler hits you!
* * * LOW HITPOINT WARNING * * *
The demonic crawler hits you.
You die...

###################**************
..#..'..#__#..')..#,,*,,,,+,,,,,,
..').#..'..'..#)@s##+#,****,,,,,*
#'#####'#__####...ss.#,*,***,,,**
..#...#.####§§#####..+,*+*,***+*,
###..##.#~~§§§#..#*+##**,,,*,*,**
__##'#_.'~§§§§'..#,,,,,*,,,***,,*
..)'..._#~§).§#..#,,,,,+,,,,,**,*
__##_.#'##'#####'###,,,*,,,,,*,,*
__###'#.#§..:###.'.#,,,***++**,**
#####.####'###[###.#,,***,,***,,*


You could see 3 demonic crawlers.

Vanquished Creatures
  2 centaur warriors (D)
  Sonja (D)
  A deep troll (D)
  2 shining eyes (D)
  An oklob plant (D)
  A demonic crawler (D)
  2 unseen horrors (D)
  2 kobold demonologists (D)
  A hornet (D)
  Sigmund (D)
  A slime creature (D)
  A yak (D)
  2 redbacks (D)
  5 floating eyes (D)
  An ogre (D)
  7 necrophages (D)
  8 jellies (D)
  Ijyb (D)
40 creatures vanquished.

Vanquished Creatures (collateral kills)
  6 shining eyes (D)
  A floating eye (D)
7 creatures vanquished.

Vanquished Creatures (others)
  2 ballistomycete spores (D)
2 creatures vanquished.

Grand Total: 49 creatures vanquished

Notes
Turn   | Place    | Note
-------+----------+-------------------------------------------
     0 | D        | sircluck the Troll Berserker began the quest for the Orb.
     0 | D        | Reached XP level 1. HP: 22/22 MP: 0/0
     1 | D        | Noticed Ijyb
    24 | D        | Killed Ijyb
    25 | D        | Reached skill level 4 in Unarmed Combat
    25 | D        | Reached XP level 2. HP: 24/32 MP: 1/1
    32 | D        | Noticed an ogre
    35 | D        | Killed an ogre
    36 | D        | Reached skill level 5 in Fighting
    36 | D        | Reached skill level 5 in Unarmed Combat
    36 | D        | Reached XP level 3. HP: 35/42 MP: 2/2
    36 | D        | Reached XP level 4. HP: 41/50 MP: 3/3
   177 | D        | Noticed Sigmund
   184 | D        | Killed Sigmund
   184 | D        | Reached ** piety under Trog
   185 | D        | Reached skill level 7 in Unarmed Combat
   185 | D        | Reached XP level 5. HP: 50/61 MP: 4/4
   212 | D        | Found an ornate altar of the Wu Jian Council.
   212 | D        | Found a shimmering blue altar of Sif Muna.
   214 | D        | Found a radiant altar of Vehumet.
   220 | D        | Reached XP level 6. HP: 38/68 MP: 5/5
   254 | D        | Found Tomeewee's Weapon Emporium.
   254 | D        | Found an ancient bone altar of Kikubaaqudgha.
   254 | D        | Found a hazy altar of Hepliaklqana.
   254 | D        | Found a stormy altar of Qazlal.
   254 | D        | Found a hide-covered altar of Uskayaw.
   254 | D        | Found a blossoming altar of Fedhas.
   254 | D        | Found a bloodstained altar of Trog.
   254 | D        | Found an iron altar of Okawaru.
   254 | D        | Found a basalt altar of Yredelemnul.
   254 | D        | Found a glowing golden altar of the Shining One.
   254 | D        | Found a snail-covered altar of Cheibriados.
   254 | D        | Found a sacrificial altar of Ru.
   254 | D        | Found a glowing silver altar of Zin.
   254 | D        | Found a shadowy altar of Dithmenos.
   254 | D        | Found a white marble altar of Elyvilon.
   254 | D        | Noticed a yak
   259 | D        | Killed a yak
   260 | D        | Reached skill level 8 in Unarmed Combat
   260 | D        | Found an opulent altar of Gozag.
   261 | D        | Found a sparkling altar of Nemelex Xobeh.
   278 | D        | Found a burning altar of Makhleb.
   278 | D        | Found a viscous altar of Jiyva.
   278 | D        | Found a shimmering altar of Xom.
   278 | D        | Found a corrupted altar of Lugonu.
   278 | D        | Noticed a slime creature
   285 | D        | Killed a slime creature
   285 | D        | Reached *** piety under Trog
   286 | D        | Reached skill level 1 in Stealth
   286 | D        | Reached skill level 9 in Unarmed Combat
   286 | D        | Reached XP level 7. HP: 52/80 MP: 6/6
   322 | D        | Noticed a kobold demonologist
   322 | D        | Noticed a kobold demonologist
   324 | D        | Paralysed by a floating eye for 2 turns
   333 | D        | Killed a kobold demonologist
   334 | D        | Reached skill level 10 in Unarmed Combat
   337 | D        | Noticed a neqoxec
   341 | D        | Killed a kobold demonologist
   341 | D        | Reached **** piety under Trog
   342 | D        | Reached skill level 11 in Unarmed Combat
   342 | D        | Reached XP level 8. HP: 77/92 MP: 7/7
   360 | D        | Noticed Sonja
   375 | D        | Killed Sonja
   376 | D        | Reached skill level 12 in Unarmed Combat
   467 | D        | Found Bosishruthre's Magic Scroll Boutique.
   475 | D        | Bought 3 scrolls of magic mapping for 270 gold pieces
   528 | D        | Noticed a deep troll
   535 | D        | Killed a deep troll
   536 | D        | Reached skill level 10 in Fighting
   536 | D        | Reached skill level 10 in Dodging
   536 | D        | Reached skill level 13 in Unarmed Combat
   536 | D        | Reached XP level 9. HP: 71/101 MP: 8/8
   600 | D        | Noticed a shining eye
   600 | D        | Noticed a shining eye
   600 | D        | Noticed a shining eye
   601 | D        | Paralysed by a floating eye for 2 turns
   612 | D        | Killed a shining eye
   613 | D        | Gained mutation: Your body sometimes deteriorates upon
                  | taking damage. [a shining eye]
   615 | D        | Killed a shining eye
   615 | D        | Noticed a shining eye
   616 | D        | Reached skill level 14 in Unarmed Combat
   616 | D        | Killed a shining eye
   617 | D        | Noticed a shining eye
   617 | D        | Noticed a shining eye
   618 | D        | Noticed a shining eye
   618 | D        | Noticed a shining eye
   619 | D        | Reached ***** piety under Trog
   621 | D        | Paralysed by a floating eye for 2 turns
   621 | D        | Killed a shining eye
   622 | D        | Reached skill level 15 in Unarmed Combat
   622 | D        | Reached XP level 10. HP: 111/111 MP: 9/9
   622 | D        | Gained mutation: You are clumsy. (Dex -2) [a shining eye]
   623 | D        | Gained mutation: You are dopey. (Int -2) [a shining eye]
   626 | D        | Killed a shining eye
   628 | D        | Killed a shining eye
   630 | D        | Killed a shining eye
   630 | D        | Received a gift from Trog
   630 | D        | Gained mutation: Armour fits poorly on your strangely
                  | shaped body. [a shining eye]
   631 | D        | Reached skill level 16 in Unarmed Combat
   631 | D        | Killed a shining eye
   641 | D        | Found Fuamm's Armour Shop.
   641 | D        | Found Qowuc's Distillery.
   641 | D        | Found Darig's Armour Boutique.
   641 | D        | Found Naicsajo's Jewellery Emporium.
   669 | D        | Bought a +0 cloak for 45 gold pieces
   695 | D        | Noticed a centaur warrior
   695 | D        | Noticed a centaur warrior
   719 | D        | Killed a centaur warrior
   723 | D        | Killed a centaur warrior
   724 | D        | Reached skill level 17 in Unarmed Combat
   817 | D        | Noticed an oklob plant
   821 | D        | Killed an oklob plant
   851 | D        | Identified the +2 quarterstaff of Tortfeasance {flame,
                  | rElec rPois Will- Str+8} (Trog gifted it to you in the
                  | Dungeon)
   851 | D        | Received a gift from Trog
   858 | D        | Reached XP level 11. HP: 14/123 MP: 10/10
  1057 | D        | Reached ****** piety under Trog
  1058 | D        | Reached skill level 18 in Unarmed Combat
  1060 | D        | Received a gift from Trog
  1092 | D        | Paralysed by a floating eye for 3 turns
  1122 | D        | Identified the +3 leather armour of the Fletcher {rN+ Will+
                  | rCorr Dex-2}
  1126 | D        | Found Rasmur's Jewellery Shoppe.
  1126 | D        | Found Hokh's Antique Armour Shop.
  1126 | D        | Found Mozuehottu's Armour Boutique.
  1128 | D        | Found Tealiox's Magic Scroll Emporium.
  1128 | D        | Found Seufuirip's Book Shop.
  1128 | D        | Found Ichi's Magic Scroll Shoppe.
  1128 | D        | Found Dokluzas's Antique Weapon Boutique.
  1128 | D        | Found Mogih's Antique Armour Emporium.
  1128 | D        | Found Qetush Suri's Antique Armour Shop.
  1128 | D        | Found Naaf's Assorted Antiques.
  1132 | D        | Found Noor's Antique Armour Boutique.
  1133 | D        | Found Ythrojyps's Armour Emporium.
  1133 | D        | Found Pumies's Weapon Boutique.
  1134 | D        | Found Rower's Antique Armour Emporium.
  1176 | D        | Found Yrpha's Armour Emporium.
  1217 | D        | HP: 5/184 [demonic crawler (14)]
  1217 | D        | Slain by a demonic crawler

Illustrated notes

Levels and vault maps discovered:
D:        dungeon_sprint_1 [red_sonja_temple_1, red_sonja_temple_small_1]

Skill      XL: |  1  2  3  4  5  6  7  8  9 10 11 |
---------------+----------------------------------+-----
Fighting       | 3 5 6 8 9 10 11 | 11.9
Dodging        | 3 4 6 7 9 10 11 12 | 12.9
Unarmed Combat | 4 5 7 9 11 13 15 17 18 | 18.5
Stealth        | 1 2 3 |  3.2
Shields        | |  0.1

Action                     |  1- 3 |  4- 6 |  7- 9 | 10-12 || total
---------------------------+-------+-------+-------+-------++-------
  Melee: Unarmed           |    12 |    20 |    39 |    78 ||   149
         Punch             |       |     1 |     2 |     8 ||    11
 Invoke: Berserk           |     1 |       |     2 |     2 ||     5
         Brothers in Arms  |       |       |     2 |       ||     2
    Use: Scroll            |       |       |     2 |       ||     2
         Potion            |       |       |       |     3 ||     3
   Stab: Sleeping          |       |       |       |     1 ||     1
 Armour: Animal skin       |     2 |     1 |     7 |    25 ||    35
  Dodge: Dodged            |     4 |     2 |    13 |    36 ||    55
  Block: Kite shield       |       |       |       |     7 ||     7

Table legend: (Time is in decaauts)
 A = Elapsed time spent in this place.
 B = Non-inter-level travel time spent in this place.
 C = Inter-level travel time spent in this place.
 D = Time resting spent in this place.
 E = Time spent auto-exploring this place.
 F = Levels seen in this place.
 G = Mean time per level.
                   A        B        C        D        E       F      G
               +--------+--------+--------+--------+--------+-----+--------+
         Total |   1218 |   1163 |     55 |    481 |     57 |   1 | 1218.0 |
       Dungeon |   1218 |   1163 |     55 |    481 |     57 |   1 | 1218.0 |
               +--------+--------+--------+--------+--------+-----+--------+

Top non-repeatable levels by time:
       D: 1218 daAuts
